 Dungeon Sprint DCSS version 0.29-a0-723-gce39da1c22 (webtiles) character file.

Game seed: 15875496005803922457

1175 manyhoops the Severer (level 8, -1/60 HPs)
             Began as a Formicid Fighter on June 28, 2022.
             Killed from afar by an electric eel (9 damage)
             ... with a bolt of electricity
             ... in the Dungeon (Sprint II: "The Violet Keep of Menkaure").
             The game lasted 00:02:44 (912 turns).

manyhoops the Severer (Formicid Fighter)             Turns: 912, Time: 00:02:44

Health: -1/60      AC:  9    Str: 21    XL:     8   Next: 69%
Magic:  17/17      EV:  9    Int:  6    God:
Gold:   330        SH:  5    Dex: 13    Spells: 7/7 levels left

rFire   . . .      SeeInvis +   e - +1 battleaxe (elec)
rCold   . . .      Faith    .   c - +0 buckler
rNeg    . . .      Spirit   .   b - +0 scale mail
rPois   .          Reflect  .   (helmet unavailable)
rElec   .          Harm     .   (no cloak)
rCorr   .          Rampage  .   d - +1 pair of gloves "Fualishri" {Regen+ MP+9}
Will    .....                   (no boots)
Stlth   ..........              a - amulet of regeneration
HPRegen 1.80/turn               (no ring)
MPRegen 0.15/turn               (no ring)

@: unable to read
A: permanent stasis, dig shafts and tunnels, antennae 3, four strong arms,
deterioration 1, dopey 1, weak 1, no potion heal 1, inability to read while
threatened 1
a: Dig


You were in the Dungeon.
You visited 1 branch You collected 972 gold pieces.
You spent 642 gold pieces at shops.

Inventory:

Hand Weapons
 e - a +1 battleaxe of electrocution (weapon)
Armour
 b - a +0 scale mail (worn)
 c - a +0 buckler (worn)
 d - the +1 pair of gloves "Fualishri" (worn) {Regen+ MP+9}
   (You bought it in a shop in the Dungeon)

   MP:        It affects your magic capacity (+9).
   Regen:     It increases your rate of health regeneration.
Jewellery
 a - an amulet of regeneration (around neck)
Potions
 g - 2 potions of magic


   Skills:
 * Level 3.9 Fighting
 - Level 17.4 Axes
 + Level 4.0 Armour
 + Level 4.6 Shields


You had 7 spell levels left.
You didn't know any spells.
Your spell library was empty.

Dungeon Overview and Level Annotations

Branches:
Dungeon (1/1)

Altars:

Shops:
D :[!=!==!((*[:?!

Annotations:
D exclusion: oklob plant


Innate Abilities, Weirdness & Mutations

You cannot be hasted, slowed, berserked, paralysed or teleported.
You can dig through walls and to a lower floor.
You have a pair of large antennae on your head. (SInv)
Your four strong arms can wield two-handed weapons with a shield.
Your body sometimes deteriorates upon taking damage.
You are dopey. (Int -2)
You are weak. (Str -2)
Potions are less effective at restoring your health.
You occasionally lose the ability to read scrolls when taking damage.


Message History

There is an open door here.
There is an open door here.
An electric eel comes into view.
Found 243 gold pieces.
The electric eel shoots out a bolt of lightning at you!
The bolt of electricity hits you!
The electric eel shoots out a bolt of lightning at you!
The bolt of electricity misses you. 4 electric eels come into view.
The electric eel shoots out a bolt of lightning at you!
The bolt of electricity hits the electric eel.
The electric eel completely resists.
The bolt of electricity hits the electric eel.
The electric eel completely resists.
The bolt of electricity hits you!
The electric eel shoots out a bolt of lightning at you!
The bolt of electricity misses you. The bolt of electricity hits you!
The electric eel shoots out a bolt of lightning at you!
The bolt of electricity hits the electric eel.
The electric eel completely resists.
The bolt of electricity hits you!
You see here 243 gold pieces.
Unknown command.
You now have 330 gold pieces (gained 243).
The electric eel shoots out a bolt of lightning at you!
The bolt of electricity hits you! x2
You feel threatened and lose the ability to read scrolls!
* * * LOW HITPOINT WARNING * * *
The electric eel shoots out a bolt of lightning at you!
The bolt of electricity hits the electric eel.
The electric eel completely resists.
The bolt of electricity hits you.
* * * LOW HITPOINT WARNING * * *
Unknown command.
Unknown command.
Unknown command.
You cannot read scrolls in your current state!
Unknown command.
Unknown command.
Okay, then.
The electric eel shoots out a bolt of lightning at you!
The bolt of electricity hits you!
You die... { ##§S§≈≈≈§≈≈## §§§§§§§§≈§≈ {{{ {{{ ≈§§SS§§§§ {{{ {{{ ≈# SSSSSS§

{ ###########≈≈#'''#'§
##########≈≈≈.≈.§§. {{
#....∩.∩.#≈≈≈≈.##'# {
#...∩....#≈≈≈≈##.§### {{
#..∩.∩...#≈≈≈≈#.@##.# {
#.⌠.∩....#≈≈####.#.#### #
#..∩.∩...#≈##.###'###.# .#{{
#...∩.∩..#≈#..###.##..##..# {
#....∩.∩.'≈'.##'.<)'##.+..#
#.....∩.∩#≈#.#.##.##..##....#
▓▓▓▓▓▓▓###≈##.###'###.# .....
#$hF######≈≈####...#### ....
#:.F#D ##≈≈≈#..#..# ≈.§


You could see 4 electric eels.

Vanquished Creatures
  A merfolk siren (D)
  4 neqoxecs (D)
  A water moccasin (D)
  4 scorpions (D)
  3 worms (D)
13 creatures vanquished.

Vanquished Creatures (others)
  Menkaure (D)
  A water moccasin (D)
2 creatures vanquished.

Grand Total: 15 creatures vanquished

Notes
Turn   | Place    | Note
-------+----------+-------------------------------------------
     0 | D        | manyhoops the Formicid Fighter began the quest for the Orb.
     0 | D        | Reached XP level 1. HP: 18/18 MP: 1/1
    11 | D        | Reached skill level 3 in Axes
    18 | D        | Reached skill level 4 in Axes
    18 | D        | Reached XP level 2. HP: 24/24 MP: 2/2
    19 | D        | Killed Menkaure
    25 | D        | Killed a water moccasin
   101 | D        | Noticed a scorpion
   101 | D        | Noticed a scorpion
   101 | D        | Noticed a scorpion
   101 | D        | Noticed a scorpion
   107 | D        | Killed a scorpion
   108 | D        | Reached skill level 8 in Axes
   108 | D        | Reached XP level 3. HP: 19/29 MP: 3/3
   108 | D        | Reached XP level 4. HP: 23/35 MP: 4/4
   113 | D        | Killed a scorpion
   114 | D        | Reached skill level 9 in Axes
   114 | D        | Reached XP level 5. HP: 30/41 MP: 5/5
   117 | D        | Reached skill level 11 in Axes
   118 | D        | Reached skill level 12 in Axes
   118 | D        | Reached XP level 6. HP: 35/47 MP: 6/6
   205 | D        | Noticed a merfolk siren
   222 | D        | Killed a merfolk siren
   223 | D        | Reached skill level 15 in Axes
   223 | D        | Reached XP level 7. HP: 28/52 MP: 7/7
   372 | D        | Noticed a neqoxec
   375 | D        | Gained mutation: Potions are less effective at restoring
                  | your health. [a neqoxec]
   376 | D        | Gained mutation: You are dopey. (Int -2) [a neqoxec]
   377 | D        | Gained mutation: You are weak. (Str -2) [a neqoxec]
   386 | D        | Killed a neqoxec
   387 | D        | Noticed a neqoxec
   405 | D        | Gained mutation: Your body sometimes deteriorates upon
                  | taking damage. [a neqoxec]
   406 | D        | Killed a neqoxec
   407 | D        | Reached skill level 16 in Axes
   407 | D        | Reached XP level 8. HP: 15/58 MP: 8/8
   408 | D        | Gained mutation: You occasionally lose the ability to read
                  | scrolls when taking damage. [a neqoxec]
   427 | D        | Reached skill level 17 in Axes
   672 | D        | Found Ynaem's Magic Scroll Boutique.
   672 | D        | Found Odeuhao's Weapon Shop.
   672 | D        | Found Upyekuq's General Store.
   672 | D        | Found Vipooc's Antique Weapon Boutique.
   672 | D        | Found Cunn's Distillery.
   672 | D        | Found Fiynn's Book Shop.
   672 | D        | Found Hyll's Jewellery Boutique.
   687 | D        | Found Baigeg's Distillery.
   687 | D        | Found Keewud's Antique Armour Boutique.
   689 | D        | Found Yduxut Poi's Jewellery Boutique.
   689 | D        | Found Beugejethi's Distillery.
   689 | D        | Found Ticemn's Jewellery Boutique.
   690 | D        | Found Ukuyclom's Distillery.
   690 | D        | Found Ejajuc's Antique Armour Boutique.
   690 | D        | Noticed a cane toad
   690 | D        | Noticed a cane toad
   691 | D        | Noticed an oklob plant
   692 | D        | Found Ysomyqan's Book Shoppe.
   692 | D        | Noticed a hell hog
   696 | D        | Noticed a hell hog
   820 | D        | Bought a pair of ancient gloves for 152 gold pieces
   820 | D        | Identified the +1 pair of gloves "Fualishri" {Regen+ MP+9}
                  | (You bought it in a shop in the Dungeon)
   826 | D        | Noticed a fire dragon
   836 | D        | Bought a glowing battleaxe for 190 gold pieces
   839 | D        | Bought an amulet of regeneration for 300 gold pieces
   912 | D        | Killed from afar by an electric eel

Illustrated notes

Levels and vault maps discovered:
D:        the_violet_keep_of_menkaure [sprint2_stairs_cluster_1,
          sprint2_shoproom, sprint2_temple, sprint2_basic_supplies,
          sprint2_obstacle_5, sprint2_obstacle_2, sprint2_obstacle_7,
          sprint2_obstacle_6, sprint2_obstacle_1, sprint2_timed_cluster_1,
          sprint2_smallroom_cluster_1, sprint2_smallroom_final_cluster_1,
          sprint2_transparent_cluster_1, sprint2_second_timed_cluster_1,
          sprint2_sniper_area_1, sprint2_heavy_combat_area_1,
          sprint2_mutation_trap_area_1, sprint2_forest_area_1,
          sprint2_light_combat_area_1, sprint2_behind_water_1,
          sprint2_near_end_vault_1]

Skill      XL: |  1  2  3  4  5  6  7  8 |
---------------+-------------------------+-----
Axes           | 4 8 9 12 15 16 17 | 17.4
Armour         | 4 |  4.0
Fighting       | |  3.9
Shields        | |  4.6

Action                   |  1- 3 |  4- 6 |  7- 9 || total
-------------------------+-------+-------+-------++-------
Melee: War axe           |    21 |    20 |    55 ||    96
  Use: Potion            |     2 |     1 |       ||     3
Armor: Scale mail        |     4 |     7 |     4 ||    15
Dodge: Dodged            |     6 |     3 |    10 ||    19
Block: Buckler           |     2 |       |     7 ||     9

Table legend: (Time is in decaauts)
 A = Elapsed time spent in this place.
 B = Non-inter-level travel time spent in this place.
 C = Inter-level travel time spent in this place.
 D = Time resting spent in this place.
 E = Time spent auto-exploring this place.
 F = Levels seen in this place.
 G = Mean time per level.
                   A        B        C        D        E       F      G
               +--------+--------+--------+--------+--------+-----+--------+
         Total |    906 |    906 |      0 |    672 |      0 |   1 |  906.0 |
       Dungeon |    906 |    906 |      0 |    672 |      0 |   1 |  906.0 |
               +--------+--------+--------+--------+--------+-----+--------+

Top non-repeatable levels by time:
       D: 906 daAuts
